 Dungeon Crawl Stone Soup version 0.25.1-3-ge44b62a0b3 (webtiles) character file.

Game seed: 6136718660332676625

4951 Araneus the Spear-Bearer (level 10, 0/105 HPs)
             Began as a Demonspawn Fighter on Nov 20, 2020.
             Was a Believer of Qazlal.
             Killed from afar by Fannar (41 damage)
             ... with a bolt of cold
             ... on level 1 of the Lair of Beasts on Nov 23, 2020.
             The game lasted 00:35:04 (12135 turns).

Araneus the Spear-Bearer (Demonspawn Fighter)      Turns: 12135, Time: 00:35:05

Health: 0/105      AC: 19    Str: 19    XL:     10   Next: 28%
Magic:  10/10      EV:  4    Int: 13    God:    Qazlal [**....]
Gold:   657        SH: 13    Dex: 12    Spells: 9/9 levels left

rFire    . . .     SeeInvis .   a - +1 trident
rCold    . . .     Gourm    .   c - +0 kite shield
rNeg     . . .     Faith    .   v - +0 plate armour
rPois    .         Spirit   .   (helmet restricted)
rElec    .         Reflect  .   q - +0 cloak
rCorr    .         Harm     .   (no gloves)
MR       .....                  x - +0 pair of boots
Stlth    ..........             (no amulet)
HPRegen  0.27/turn              w - ring of flight
MPRegen  0.12/turn              (no ring)

@: berserking, sanguine armour, very quick
A: antennae 1, clever 1, demonic guardian 1, foul stench 1, sense surroundings
1, rot immunity, sanguine armour 1
a: Upheaval, Renounce Religion, Evoke Flight


You were on level 1 of the Lair of Beasts.
You worshipped Qazlal.
Qazlal was pleased with you.
You were very hungry.

You visited 3 branches of the dungeon, and saw 11 of its levels.
You also visited: Sewer.

You collected 696 gold pieces.
You spent 39 gold pieces at shops.

Inventory:

Hand Weapons
 a - a +1 trident (weapon)
Armour
 c - a +0 kite shield (worn)
 q - a +0 cloak (worn)
 v - a +0 plate armour (worn)
 x - a +0 pair of boots (worn)
Jewellery
 s - a +4 ring of slaying {unknown}
 w - a ring of flight (left hand)
Wands
 h - a wand of polymorph (11)
 l - a wand of clouds (8)
Scrolls
 g - a scroll of identify
 i - a scroll of brand weapon {unknown}
 j - a scroll of enchant armour {unknown}
 o - 5 scrolls of fear {unknown}
 p - 5 scrolls of teleportation
 r - a scroll of amnesia
 t - a scroll of blinking
 u - 4 scrolls of remove curse {unknown}
 y - a scroll of enchant weapon
Potions
 b - a potion of berserk rage
 d - 4 potions of curing
 e - 2 potions of magic
 m - 2 potions of brilliance
 n - a potion of stabbing
Comestibles
 f - 16 rations


   Skills:
 - Level 3.0 Fighting
 + Level 12.1 Polearms
 + Level 3.5 Armour
 + Level 6.9 Shields


You had 9 spell levels left.
You didn't know any spells.
Your spell library was empty.

Dungeon Overview and Level Annotations

Branches:
Dungeon (9/15)             Temple (1/1) D:7            Lair (1/6) D:9
  Sewer (visited)
    Orc: D:9-12

Altars:
Ashenzari
Cheibriados
Dithmenos
Elyvilon
Fedhas
Gozag
Hepliaklqana
Kikubaaqudgha
Makhleb
Nemelex Xobeh
Okawaru
Qazlal
Ru
Sif Muna
Trog
Uskayaw
Vehumet
Wu Jian
Xom
Yredelemnul
Zin
The Shining One
Jiyva

Shops:
D:7 *   D:9 [

Annotations:
D:7 3 runed translucent doors, MilkNation's ghost, novice MiGl; kthxbai's ghost, novice SpEn
Lair:1 Fannar


Innate Abilities, Weirdness & Mutations

You have a pair of small antennae on your head.
A weak demonic guardian rushes to your aid.
You may emit foul miasma when damaged in melee.
You are immune to rotting.
When seriously injured, your bleeding wounds create armour. (AC +6)
Your mind is acute. (Int +2)
You passively map a small area around you.


Message History

You feel very cold.
Fannar, your quasit and your ufetubus are frozen.
Fannar resists.
Your quasit resists.
Your ufetubus resists.
Your ufetubus dies!
You closely miss Fannar.
Fannar is lightly wounded.
Your quasit closely misses Fannar.
Your quasit misses Fannar. x2
You puncture Fannar!
Fannar is moderately wounded.
You block Fannar's attack.
Your quasit bites Fannar but does no damage.
Your quasit closely misses Fannar.
Your quasit misses Fannar. You hit Fannar but do no damage.
Fannar is moderately wounded.
You barely miss Fannar.
Fannar is moderately wounded.
Fannar points at you and mumbles some strange words.
The bolt of cold hits you!!!
You die...

* , **
##.......#.
##...........
#.............
*
##.............
*
#..............
*
#...>.........#
#.....$.......#
, ,
#..e@........#
##.○5...$...#*
###.$<....## *
##.....## *
##..### , ####*
,, * , , , * ,,
, ,


You could see Fannar (icy armour) and a friendly quasit (summoned).

Vanquished Creatures
  2 two-headed ogres
  Sigmund (D:4)
  Duvessa (D:6)
  3 sky beasts
  An ice beast (D:6)
  A necrophage (D:5)
  3 centaurs
  3 ogres
  2 big kobolds
  Dowan (D:6)
  4 scorpions
  A wyvern skeleton (D:8)
  15 killer bees
  5 wights (D:7)
  A howler monkey (D:9)
  2 crimson imps
  A centaur zombie (D:5)
  A quasit (D:6)
  An orc priest (D:4)
  8 hounds
  5 jellies
  4 orc wizards
  Crazy Yiuf (D:4)
  A bullfrog skeleton (D:8)
  Terence (D:2)
  6 worker ants
  A hound skeleton (D:5)
  A howler monkey zombie (D:9)
  Robin (D:4)
  9 adders
  6 river rats
  3 shadow imps
  6 oozes
  An adder skeleton (D:4)
  2 worms (D:2)
  2 dart slugs
  8 leopard geckos
  19 orcs
  4 bats
  7 giant cockroaches
  12 goblins
  6 hobgoblins
  3 jackals
  3 ball pythons (D:3)
  14 frilled lizards
  6 kobolds
  16 rats
205 creatures vanquished.

Vanquished Creatures (collateral kills)
  Edmund (D:5)
  A centaur (D:8)
  A bullfrog (D:6)
  5 killer bees
  An orc priest (D:4)
  3 orcs (D:4)
  A hobgoblin (D:2)
13 creatures vanquished.

Vanquished Creatures (others)
  A killer bee (D:7)
  A jackal (D:7)
2 creatures vanquished.

Grand Total: 220 creatures vanquished

Notes
Turn   | Place    | Note
-------+----------+-------------------------------------------
     0 | D:1      | Araneus the Demonspawn Fighter began the quest for the Orb.
     0 | D:1      | Reached XP level 1. HP: 18/18 MP: 1/1
    44 | D:1      | Reached skill level 2 in Polearms
   556 | D:1      | Gained mutation: A weak demonic guardian rushes to your
                  | aid. [demonic ancestry]
   556 | D:1      | Reached XP level 2. HP: 24/24 MP: 2/2
  1102 | D:2      | Reached skill level 3 in Polearms
  1102 | D:2      | Gained mutation: You have a pair of small antennae on your
                  | head. [demonic ancestry]
  1102 | D:2      | Reached XP level 3. HP: 25/29 MP: 3/3
  1393 | D:2      | Noticed Terence
  1401 | D:2      | Killed Terence
  1407 | D:2      | Gained mutation: You are immune to rotting. [demonic
                  | ancestry]
  1407 | D:2      | Reached XP level 4. HP: 33/35 MP: 4/4
  1410 | D:2      | Reached skill level 4 in Polearms
  1465 | D:2      | Found a hazy altar of Hepliaklqana.
  2062 | D:3      | Found a glowing drain.
  2074 | Sewer    | Entered a sewer
  2202 | Sewer    | Gained mutation: You may emit foul miasma when damaged in
                  | melee. [demonic ancestry]
  2202 | Sewer    | Reached XP level 5. HP: 33/41 MP: 5/5
  2277 | Sewer    | Reached skill level 5 in Polearms
  2743 | D:3      | Found a burning altar of Makhleb.
  2994 | D:3      | Found a shimmering blue altar of Sif Muna.
  3267 | D:3      | Found an opulent altar of Gozag.
  3487 | D:4      | Noticed Sigmund
  3503 | D:4      | Killed Sigmund
  3503 | D:4      | Reached skill level 6 in Polearms
  3503 | D:4      | Reached XP level 6. HP: 35/47 MP: 6/6
  3611 | D:4      | Found a runed translucent door.
  3612 | D:4      | Noticed Crazy Yiuf
  3617 | D:4      | Killed Crazy Yiuf
  4158 | D:4      | Found a shimmering altar of Xom.
  4424 | D:4      | Reached skill level 7 in Polearms
  4424 | D:4      | Gained mutation: When seriously injured, your bleeding
                  | wounds create armour. (AC +6) [demonic ancestry]
  4424 | D:4      | Reached XP level 7. HP: 52/52 MP: 7/7
  4647 | D:4      | Noticed Robin
  4677 | D:4      | Killed Robin
  4993 | D:5      | Entered Level 5 of the Dungeon
  5560 | D:5      | Noticed Edmund
  5571 | D:5      | Killed Edmund
  5571 | D:5      | Reached skill level 8 in Polearms
  6020 | D:6      | Noticed Duvessa
  6020 | D:6      | Noticed Dowan
  6029 | D:6      | Killed Duvessa
  6029 | D:6      | Reached XP level 8. HP: 55/58 MP: 8/8
  6041 | D:6      | Killed Dowan
  6046 | D:6      | Gained mutation: Your mind is acute. (Int +2) [potion of
                  | mutation]
  6046 | D:6      | Gained mutation: You passively map a small area around you.
                  | [potion of mutation]
  6364 | D:6      | Reached skill level 9 in Polearms
  7682 | D:7      | Noticed a two-headed ogre
  7689 | D:7      | Killed a two-headed ogre
  7689 | D:7      | Reached skill level 10 in Polearms
  7784 | D:7      | Reached XP level 9. HP: 49/63 MP: 9/9
  7860 | D:7      | Found a runed translucent gate.
  7860 | D:7      | Found a runed translucent gate.
  7860 | D:7      | Found a runed translucent gate.
  7860 | D:7      | Noticed kthxbai's ghost (novice SpEn)
  7861 | D:7      | Noticed MilkNation's ghost (novice MiGl)
  7903 | D:7      | Found a staircase to the Ecumenical Temple.
  7913 | Temple   | Entered the Ecumenical Temple
  7968 | Temple   | Became a worshipper of Qazlal Stormbringer
  8015 | D:7      | Found an ancient bone altar of Kikubaaqudgha.
  8647 | D:7      | Reached skill level 11 in Polearms
  8659 | D:7      | Reached skill level 5 in Shields
  8933 | D:7      | Found Bethud's General Store.
  8937 | D:7      | Bought a potion of curing for 39 gold pieces
  8946 | D:7      | Reached * piety under Qazlal
  8966 | D:7      | Found a sacrificial altar of Ru.
  9206 | D:7      | Found an ornate altar of the Wu Jian Council.
  9699 | D:8      | Found a basalt altar of Yredelemnul.
  9817 | D:8      | Noticed a two-headed ogre
  9829 | D:8      | Killed a two-headed ogre
 10143 | D:8      | Reached XP level 10. HP: 56/70 MP: 10/10
 10976 | D:9      | Reached skill level 12 in Polearms
 11344 | D:9      | Reached ** piety under Qazlal
 11764 | D:9      | Found a white marble altar of Elyvilon.
 11767 | D:9      | Found a glowing silver altar of Zin.
 11769 | D:9      | Found a snail-covered altar of Cheibriados.
 11823 | D:9      | Found a staircase to the Lair.
 11856 | D:9      | Found Vevoqugi's Antique Armour Boutique.
 12126 | Lair:1   | Entered Level 1 of the Lair of Beasts
 12126 | Lair:1   | Noticed Fannar
 12135 | Lair:1   | Killed from afar by Fannar

Illustrated notes

Levels and vault maps discovered:
D:1:      lightli_arrival_statue_moat, layout_loops_corners
D:2:      cheibrodos_old_hovel, layout_loops_ring, overflow_temple_1_default,
          uniq_terence
D:3:      layout_loops_ring, lemuel_doored_altar, overflow_temple_1_default,
          tgw_sif, portal_sewer_entry_e
D:4:      layout_basic, first_ration, grunt_decor_cap, chequers_garden,
          grunt_ministairs_12, hangedman_abyss_or_decor_jellyfish_corner,
          brannock_xom_greatest_gift, uniq_crazy_yiuf_cottage, uniq_robin,
          uniq_sigmund
D:5:      layout_loops_cross, eino_small_chamber_without_monster,
          eino_tiny_chamber, kennysheep_generic_room_16, uniq_edmund
D:6:      layout_gridville, uniq_duvessa
D:7:      layout_basic, kennysheep_little_box, nicolae_ru_awakened_eye,
          kennysheep_mini, minmay_temple_entry_waves, gammafunk_ghost_cemetery,
          serial_shops, shop_fountains, hangedman_decor_points
D:8:      minmay_chambers_of_fours, layout_basic, yredelemnul_altar_generic,
          hangedman_little_slice_of_home
D:9:      layout_cave_pools, grunt_temple_overflow_open, dpeg_oklobed_lair,
          serial_shops, kennysheep_mini_moat
Temple:   pf_slimified_temple
Lair:1:   minmay_guarded_unrand_snakebite, layout_cave_pods, lemuel_fruit_tree,
          uniq_fannar

Skill      XL: |  1  2  3  4  5  6  7  8  9 10 |
---------------+-------------------------------+-----
Polearms       | 2 3 4 6 7 8 10 11 12 | 12.1
Shields        | 4 6 |  6.9
Armour         | 3 |  3.5
Fighting       | |  3.0

Action                   |  1- 3 |  4- 6 |  7- 9 | 10-12 || total
-------------------------+-------+-------+-------+-------++-------
Melee: Trident           |    91 |   244 |   576 |   194 ||  1105
  Use: Scroll            |       |     9 |     2 |       ||    11
       Potion            |       |       |    14 |     4 ||    18
 Stab: Distracted        |       |       |     2 |       ||     2
  Eat: Chunk             |     2 |    10 |    11 |     6 ||    29
       Ration            |       |       |     2 |       ||     2
Armor: Scale mail        |    34 |    69 |       |       ||   103
       Plate armour      |       |    14 |   282 |    97 ||   393
       Skin              |       |       |       |    44 ||    44
Dodge: Dodged            |    18 |    46 |    33 |    29 ||   126
Block: Kite shield       |    24 |    76 |   192 |   123 ||   415
